Map: Ever Dream LE

Players

엘퀴네스 - Winner!

  • Race: Protoss Protoss
  • League: Platinum
  • Spawn Location: 1:00

JohnnyV

  • Race: Terran Terran
  • League: Silver
  • Spawn Location: 7:00

VOD

Have the link to the VOD?

Description

Time

  • Played on: May 5, 2020, 5:36 a.m.
  • Length: 9:46
Show
View Real Time Build Order
Export as new Build Order

엘퀴네스 Protoss - Winner!

Build Orders: Chargelot Immortal 

Get SALT Encoding   

  12  0:01  Probe  
  13  0:13  Probe  
  14  0:18  Pylon  
  14  0:25  Probe  
  15  0:38  Gateway  
  15  0:48  Probe  
  16  0:53  Assimilator  
  16  1:00  Probe  
  17  1:12  Probe  
  18  1:25  Probe  
  19  1:29  Cybernetics Core  
  19  1:37  Probe  
  20  1:47  Nexus  
  20  1:52  Warp Gate (Chrono Boost)  
  20  1:53  Zealot  
  22  2:06  Pylon  
  22  2:22  Stalker (Chrono Boost)  
  24  2:39  Assimilator  
  24  2:40  Probe  
  24  2:43  Zealot  
  27  2:52  Probe  
  28  2:59  Probe  
  29  3:09  Robotics Facility  
  29  3:10  Stalker  
  29  3:11  Probe  
  29  3:12  Pylon  
  32  3:15  Gateway  
  32  3:23  Probe (Chrono Boost), Twilight Council  
  33  3:34  Probe (Chrono Boost)  
  34  3:41  Sentry  
  37  3:42  Probe (Chrono Boost)  
  37  3:47  Probe (Chrono Boost)  
  38  3:57  Probe  
  38  4:00  Observer  
  40  4:06  Assimilator  
  40  4:08  Assimilator  
  40  4:09  Probe (Chrono Boost)  
  41  4:18  Probe (Chrono Boost)  
  41  4:20  Gateway  
  41  4:21  Gateway  
  41  4:23  Probe (Chrono Boost)  
  40  4:25  Stalker  
  40  4:31  Immortal  
  47  4:35  Probe  
  48  4:41  Blink (Chrono Boost)  
  48  4:47  Probe  
  48  4:49  Zealot  
  51  5:10  Pylon  
  51  5:23  Gateway  
  51  5:25  Gateway  
  55  5:28  Immortal  
  55  5:30  Zealot x2  
  59  5:37  Pylon  
  59  5:45  Probe (Chrono Boost)  
  60  5:52  Zealot  
  63  5:57  Probe (Chrono Boost)  
  63  6:02  Probe (Chrono Boost)  
  64  6:04  Stalker x2  
  64  6:08  Observer  
  69  6:12  Probe  
  68  6:24  Probe  
  69  6:29  Pylon  
  69  6:31  Pylon  
  69  6:32  Charge (Chrono Boost)  
  69  6:41  Probe  
  70  6:48  Immortal  
  70  6:51  Forge  
  74  6:55  Pylon  
  74  6:57  Stalker x3, Zealot, Forge  
  74  6:58  Stalker  
  84  7:08  Robotics Facility  
  84  7:14  Pylon x2  
  84  7:15  Pylon  
  84  7:18  Stalker  
  84  7:20  Sentry  
  88  7:22  Protoss Ground Weapons Level 1 (Chrono Boost)  
  88  7:23  Protoss Shields Level 1 (Chrono Boost)  
  88  7:37  Probe  
  93  7:49  Probe  
  90  7:58  Nexus  
  90  7:59  Immortal (Chrono Boost)  
  90  8:01  Probe  
  95  8:06  Observer  
  95  8:12  Stalker, Zealot  
  99  8:14  Zealot  
  99  8:19  Sentry x2  
  105  8:52  Immortal  
  105  8:53  Immortal  
  113  8:57  Probe  
  113  9:00  Zealot  
  113  9:01  Stalker  
  118  9:07  Pylon  
  118  9:08  Pylon  
  118  9:09  Probe  
  119  9:10  Pylon  
  105  9:21  Probe  
  88  9:35  Stalker x2, Zealot x2  
  88  9:36  Stalker  
Show
View Real Time Build Order
Export as new Build Order

JohnnyV Terran 

Build Orders: Liberator Opening 

Get SALT Encoding   

  12  0:02  SCV  
  13  0:18  Supply Depot  
  13  0:19  SCV  
  14  0:32  Refinery  
  14  0:34  SCV  
  15  0:45  Barracks  
  15  0:48  SCV  
  16  1:00  SCV  
  17  1:12  SCV  
  18  1:19  Refinery  
  18  1:24  SCV  
  19  1:35  Reaper  
  19  1:36  SCV  
  21  1:48  SCV  
  21  1:53  Factory  
  22  2:01  SCV  
  23  2:09  Command Center  
  23  2:13  Barracks Reactor  
  23  2:30  Supply Depot  
  22  3:10  Barracks Reactor  
  22  3:14  Bunker  
  22  3:18  Orbital Command  
  22  3:22  Widow Mine x2  
  22  3:24  Orbital Command  
  26  3:33  Starport  
  26  3:56  Refinery, Marine x2  
  26  4:00  Widow Mine x2  
  26  4:01  SCV  
  26  4:02  SCV  
  34  4:05  Supply Depot  
  34  4:07  Supply Depot  
  34  4:13  SCV  
  34  4:14  SCV  
  34  4:16  Liberator  
  39  4:31  Marine x2  
  41  4:41  Factory Tech Lab  
  41  4:42  Barracks  
  41  4:46  SCV x2  
  41  4:52  Supply Depot  
  43  4:56  Engineering Bay x2  
  43  5:04  Starport Tech Lab  
  43  5:06  Siege Tank  
  46  5:07  Marine x2  
  46  5:13  SCV x2  
  50  5:31  Fusion Core  
  50  5:32  SCV x2  
  52  5:42  Refinery  
  52  5:51  Supply Depot  
  52  5:52  Marine x4  
  58  5:57  Raven  
  58  6:10  Marine  
  59  6:21  Siege Tank  
  59  6:29  Supply Depot  
  59  6:33  Terran Infantry Weapons Level 1, Terran Infantry Armor Level 1  
  59  6:38  Sensor Tower  
  59  6:39  Weapon Refit  
  59  6:43  Battlecruiser  
  65  7:04  Missile Turret  
  65  7:10  Missile Turret  
  65  7:11  Missile Turret  
  65  7:18  Missile Turret  
  65  7:20  Missile Turret  
  65  7:21  Missile Turret  
  65  7:22  Missile Turret  
  65  7:25  SCV x2  
  65  7:27  Marine  
  65  7:29  Marine  
  69  7:37  Siege Tank  
  72  7:52  Battlecruiser  
  72  7:56  Barracks Tech Lab  
  78  8:02  Marine x2  
  80  8:18  Combat Shield  
  80  8:24  Marauder  
  82  8:30  Marine x2  
  84  8:50  SCV x2  
  86  8:57  Supply Depot  
  86  8:59  Supply Depot  
  86  9:03  Marine x3  
  83  9:21  Marine x2  
  83  9:22  Marauder  
Tags
 
Add a new tag
Caveats
  • Supply blocks, unpowered buildings, or Contaminate may cause inaccurate times.
  • Supply counts are checked every 10 seconds.